 Dungeon Crawl Stone Soup version 0.17-a0-38-ga03b933 (webtiles) character file.

311 Zandarious the Poker (level 6, -11/47 HPs)
             Began as a Demonspawn Gladiator on Apr 29, 2015.
             Killed by divine providence
             ... invoked by an orc priest
              (12 damage)
             ... on level 3 of the Dungeon on Apr 30, 2015.
             The game lasted 00:24:39 (1776 turns).

Zandarious the Poker (Demonspawn Gladiator)         Turns: 1776, Time: 00:24:43

Health: -11/47     AC: 10    Str: 18      XL:     6   Next: 18%
Magic:  6/6        EV: 14    Int:  9      God:
Gold:   94         SH:  0    Dex: 16 (18) Spells: 0 memorised, 5 levels left

rFire  + . .     SeeInvis .     b - +6 scythe
rCold  + . .     Clarity  .     n - +0 chain mail
rNeg   . . .     SustAb   .     (no shield)
rPois  +         Gourm    .     c - +0 helmet
rElec  +         Spirit   .     (no cloak)
rCorr  +         Warding  .     (no gloves)
rMut   .         Stasis   .     (no boots)
MR     .....                    (no amulet)
Stlth  ..........               (no ring)
                                (no ring)

@: agile, resistant, not resistant to hostile enchantments, extremely unstealthy
A: powered by pain 2, spiny 1
a: no special abilities


You were on level 3 of the Dungeon.
You were not hungry.

You visited 1 branch of the dungeon, and saw 3 of its levels.

You collected 94 gold pieces.

Inventory:

Hand weapons
 a - a +0 trident
 b - a +6 scythe (weapon)
 l - a +2 spear of piercing
 r - a cursed -2 hand axe
Missiles
 j - 105 poisoned needles
 q - a throwing net (quivered)
 s - 45 curare-tipped needles
Armour
 c - a +0 helmet (worn)
 n - a +0 chain mail (worn)
Magical devices
 h - a wand of frost (14)
Scrolls
 d - a scroll of magic mapping
 i - a scroll of remove curse
 m - 2 scrolls of recharging
Potions
 e - a potion of agility
Comestibles
 f - 3 bread rations
 g - a beef jerky
 k - a slice of pizza
 o - 3 meat rations


   Skills:
 + Level 3.0 Fighting
 + Level 4.4 Polearms
 + Level 2.1 Throwing
 + Level 2.6 Armour
 + Level 3.5 Dodging


You had 5 spell levels left.
You didn't know any spells.

Dungeon Overview and Level Annotations

Branches:
Dungeon (3/15)

Altars:
The Shining One


Innate Abilities, Weirdness & Mutations

You sometimes gain power by taking damage.
You are partially covered in sharp spines.


Message History

You slice the orc!!!
You kill the orc!
The orc priest calls down the wrath of Beogh upon you.
Pain shoots through your body!
* * * LOW HITPOINT WARNING * * *
The orc misses you.
It was a potion of resistance.
You feel protected. The orc is struck by your spines.
You kill the orc!
You barely miss the orc. The orc closely misses you.
The orc closely misses you.
You slash the orc!!
You kill the orc!
The orc priest invokes the aid of Beogh against you.
Pain shoots through your body!
* * * LOW HITPOINT WARNING * * *
The orc priest invokes the aid of Beogh against you.
Something smites you!
You die...

................#### #
.....##.........#
..##.##..o......### #..
)###.##...........#
...#
...).)..........#.##..#
.##).....######.....(.#
.###..#....# #.o.....#
##....#.##....##[)#..##
#..#....# ###...@## .#
#.##.#.###......(.#
#.##.#.# #.####.....
..##.#.. .......#
....##### ..#..##...
....# ....... ... ....#
..###..# # ....# . ...?
....# ...


You could see an orc priest.

Vanquished Creatures
  Sigmund (D:2)
  An orc priest (D:3)
  A hound (D:3)
  Ijyb (D:2)
  4 gnolls (D:2)
  5 adders
  3 worms
  7 orcs (D:3)
  A giant cockroach (D:1)
  5 hobgoblins
  3 jackals (D:1)
  5 kobolds
  6 bats
  6 giant newts
  14 goblins
  5 rats
68 creatures vanquished.

Notes
Turn   | Place    | Note
--------------------------------------------------------------
     0 | D:1      | Zandarious, the Demonspawn Gladiator, began the quest for the Orb.
     0 | D:1      | Reached XP level 1. HP: 16/16 MP: 1/1
   178 | D:1      | Gained mutation: You sometimes gain a little power by taking damage. [demonic ancestry]
   178 | D:1      | Reached XP level 2. HP: 16/22 MP: 2/2
   179 | D:1      | Reached skill level 3 in Polearms
   844 | D:2      | Reached XP level 3. HP: 27/27 MP: 3/3
   848 | D:2      | Noticed Sigmund
   853 | D:2      | Noticed Ijyb
   915 | D:2      | Reached skill level 1 in Armour
   926 | D:2      | Killed Sigmund
   926 | D:2      | Reached XP level 4. HP: 26/34 MP: 4/4
  1132 | D:2      | Gained mutation: You are partially covered in sharp spines. [demonic ancestry]
  1132 | D:2      | Reached XP level 5. HP: 33/39 MP: 5/5
  1141 | D:2      | Reached skill level 4 in Polearms
  1310 | D:2      | Found a glowing golden altar of the Shining One.
  1469 | D:2      | Killed Ijyb
  1650 | D:3      | Gained mutation: You sometimes gain power by taking damage. [demonic ancestry]
  1650 | D:3      | Reached XP level 6. HP: 27/47 MP: 6/6
  1776 | D:3      | HP: 1/47 [orc priest/nerve-wracking pain (4)]
  1776 | D:3      | Killed from afar by an orc priest

Action                   |  1- 3 |  4- 6 || total
-------------------------+-------+-------++-------
Melee: Trident           |    91 |       ||    91
       Scythe            |       |    84 ||    84
Throw: Throwing net      |     2 |     7 ||     9
Evoke: Wand              |       |     3 ||     3
  Use: Scroll            |     4 |     2 ||     6
       Potion            |     5 |     5 ||    10
  Eat: Bread ration      |       |     1 ||     1
